 Dungeon Crawl Stone Soup version 0.17.0-56-gd8de76c (webtiles) character file.

1055 Ijustatesigmund the Charmwright (level 8, -11/46 HPs)
             Began as a Deep Elf Conjurer on Dec 4, 2015.
             Was an Initiate of Vehumet.
             Mangled by an ogre
             ... wielding a +0 giant club
              (17 damage)
             ... on level 5 of the Dungeon.
             The game lasted 00:19:40 (5607 turns).

Ijustatesigmund the Charmwright (Deep Elf Conjurer) Turns: 5607, Time: 00:19:40

Health: -11/46     AC:  6    Str:  5    XL:     8   Next: 5%
Magic:  10/17      EV: 15    Int: 23    God:    Vehumet [......]
Gold:   234        SH:  0    Dex: 15    Spells: 5 memorised, 2 levels left

rFire  . . .     SeeInvis +     l - +0 short sword
rCold  . . .     Clarity  .     a - +0 robe
rNeg   . . .     SustAt   .     (no shield)
rPois  .         Gourm    .     y - +0 helmet
rElec  .         Spirit   .     (no cloak)
rCorr  +         Warding  .     j - +0 pair of gloves
rMut   .         Stasis   .     e - +1 pair of boots
MR     .....                    k - amulet of resist corrosion
Stlth  ++........               (no ring)
                                s - ring of see invisible

@: not resistant to hostile enchantments, unstealthy
A: no striking features
a: Renounce Religion


You were on level 5 of the Dungeon.
You worshipped Vehumet.
Vehumet was noncommittal.
You were hungry.

You visited 2 branches of the dungeon, and saw 6 of its levels.

You collected 234 gold pieces.

Inventory:

Hand Weapons
 l - a +0 short sword (weapon)
Missiles
 m - 2 curare-tipped needles
 p - 20 poisoned needles
Armour
 a - a +0 robe (worn)
 e - a +1 pair of boots (worn)
 j - a +0 pair of gloves (worn)
 y - a +0 helmet (worn)
Jewellery
 k - an amulet of resist corrosion (around neck)
 s - a ring of see invisible (left hand)
Scrolls
 o - 2 scrolls of remove curse
 q - 3 scrolls of fear
 r - a scroll of teleportation {unknown}
 t - 3 scrolls of recharging {unknown}
 u - a scroll of enchant weapon {unknown}
 v - a scroll of identify
 x - a scroll of enchant armour
Potions
 d - 2 potions of heal wounds
 h - 3 potions of brilliance
 i - 2 potions of agility
 n - a potion of haste
 w - a potion of curing
Books
 b - a book of Conjurations

   Spells                             Type                      Level
   a - Magic Dart                     Conjuration                  1
   b - Searing Ray                    Conjuration                  2
   c - Dazzling Spray                 Conjuration/Hexes            3
   d - Fulminant Prism                Conjuration/Hexes            4
   e - Iskenderun's Mystic Blast      Conjuration                  4
   f - Iskenderun's Battlesphere      Conjuration/Charms           5
Comestibles
 c - 6 bread rations
 f - 3 meat rations
 z - a beef jerky


   Skills:
 - Level 3.0 Fighting
 - Level 5.7 Dodging
 - Level 2.4 Stealth
 - Level 5.1 Spellcasting
 * Level 5.7 Conjurations
 - Level 2.0 Hexes
 + Level 7.4 Charms


You had 2 spell levels left.
You knew the following spells:

 Your Spells              Type           Power        Failure   Level  Hunger
a - Magic Dart            Conj           ####         1%          1    None
b - Searing Ray           Conj           ####..       1%          2    None
c - Dazzling Spray        Conj/Hex       ###.....     8%          3    ##.....
d - Iskenderun's Battles  Conj/Chrm      #####...     21%         5    #####..
e - Iskenderun's Mystic   Conj           ####....     12%         4    ####...


Dungeon Overview and Level Annotations

Branches:
Dungeon (5/15)             Temple (1/1) D:5

Altars:
Dithmenos
Fedhas
Gozag
Kikubaaqudgha
Makhleb
Nemelex Xobeh
Okawaru
Ru
Sif Muna
Trog
Vehumet
Xom
Yredelemnul
Zin
The Shining One


Message History

The magic dart hits the ogre.
The ogre is severely wounded.
Casting: Magic Dart
Confirm with . or Enter, or press ? or * to list all spells.
Aiming: Magic Dart
Press: ? - help, Shift-Dir - straight line, f/p - ogre
Aim: an ogre, wielding a giant club (severely wounded)
The magic dart hits the ogre.
The ogre is severely wounded.
The ogre hits you with a giant club!
* * * LOW HITPOINT WARNING * * *
Casting: Magic Dart
Confirm with . or Enter, or press ? or * to list all spells.
Aiming: Magic Dart
Press: ? - help, Shift-Dir - straight line, f/p - ogre
Aim: an ogre, wielding a giant club (severely wounded)
The magic dart hits the ogre.
The ogre is almost dead.
The ogre hits you with a giant club!
You die...

..###.#######.....†..#
..'..^......+........+
..###..#.####........#
..# #..#.# ##...####
..# #..#.#####...# ..#
#..#.........# ###
#..#########.#
#.........##.#
#...#####.##@# #...#
#O# #...# #.#
#####..<# ...
....#...## ...
.........# .....
...#####.# .....
.........## ...####
...#####..#


You could see an ogre.

Vanquished Creatures
  The ghost of Uberwunderbarhen the Ducker, a novice OpFi of Makhleb (D:5)
  2 ogres (D:4)
  A crimson imp (D:5)
  2 orc priests
  2 jellies (D:5)
  4 hounds
  Jessica (D:2)
  Natasha (thrice) (D:2)
  A killer bee zombie (D:5)
  3 worker ants (D:5)
  Robin (D:3)
  8 adders
  An ooze (D:2)
  A worm (D:2)
  An adder skeleton (D:5)
  6 giant geckos
  5 orcs
  A ball python (D:2)
  6 giant cockroaches
  20 goblins
  8 hobgoblins
  2 jackals (D:2)
  7 kobolds
  14 bats
  A giant newt (D:1)
  2 quokkas
  6 rats
110 creatures vanquished.

Notes
Turn   | Place    | Note
--------------------------------------------------------------
     0 | D:1      | Ijustatesigmund the Deep Elf Conjurer began the quest for the Orb.
     0 | D:1      | Reached XP level 1. HP: 10/10 MP: 6/6
   201 | D:1      | Reached XP level 2. HP: 15/15 MP: 5/8
   205 | D:1      | Learned a level 2 spell: Searing Ray
   988 | D:2      | Noticed Jessica
   991 | D:2      | Killed Jessica
   991 | D:2      | Reached skill level 5 in Conjurations
   991 | D:2      | Reached XP level 3. HP: 19/19 MP: 6/10
  1094 | D:2      | Noticed Natasha
  1100 | D:2      | Killed Natasha
  1100 | D:2      | Reached XP level 4. HP: 17/24 MP: 2/12
  1180 | D:1      | Learned a level 3 spell: Dazzling Spray
  1411 | D:2      | Noticed Natasha
  1420 | D:2      | Killed Natasha
  1420 | D:2      | Reached skill level 5 in Spellcasting
  1420 | D:2      | Reached skill level 1 in Hexes
  1574 | D:2      | Noticed Natasha
  1599 | D:2      | Killed Natasha
  1622 | D:2      | Found an iron altar of Okawaru.
  1879 | D:2      | Reached XP level 5. HP: 28/28 MP: 8/14
  1903 | D:2      | Learned a level 5 spell: Iskenderun's Battlesphere
  2637 | D:3      | Noticed Robin
  2641 | D:3      | Killed Robin
  2641 | D:3      | Reached skill level 1 in Fighting
  2848 | D:3      | Reached skill level 1 in Charms
  3600 | D:4      | Reached XP level 6. HP: 35/35 MP: 12/15
  3606 | D:4      | Learned a level 4 spell: Iskenderun's Mystic Blast
  3694 | D:4      | Noticed an ogre
  3734 | D:4      | Killed an ogre
  3994 | D:4      | Noticed an ogre
  4000 | D:4      | Killed an ogre
  4338 | D:4      | Found a glowing silver altar of Zin.
  4624 | D:5      | Entered Level 5 of the Dungeon
  4712 | D:5      | Reached XP level 7. HP: 41/41 MP: 11/16
  4789 | D:5      | Reached skill level 5 in Charms
  5171 | D:5      | Found a staircase to the Ecumenical Temple.
  5188 | Temple   | Entered the Ecumenical Temple
  5193 | Temple   | Became a worshipper of Vehumet
  5204 | D:5      | Noticed Uberwunderbarhen's ghost (novice OpFi)
  5214 | D:5      | Killed Uberwunderbarhen's ghost
  5214 | D:5      | Reached skill level 5 in Dodging
  5214 | D:5      | Reached skill level 7 in Charms
  5214 | D:5      | Reached XP level 8. HP: 35/46 MP: 4/17
  5607 | D:5      | Mangled by an ogre

Action                   |  1- 3 |  4- 6 |  7- 9 || total
-------------------------+-------+-------+-------++-------
Melee: Hand axe          |       |    15 |       ||    15
 Cast: Magic Dart        |    50 |   121 |    75 ||   246
       Searing Ray       |     1 |    10 |     2 ||    13
  Use: Scroll            |     3 |     6 |       ||     9
       Potion            |       |     3 |       ||     3
  Eat: Chunk             |       |    10 |     2 ||    12
       Beef jerky        |       |       |     1 ||     1
